 Dungeon Crawl Stone Soup version 0.23.2-33-g5129a83184 (webtiles) character file.

Game seed: 12675195944823969939

65 Folque the Chiller (level 3, 0/26 HPs)
             Began as a Demonspawn Ice Elementalist on June 29, 2019.
             Slain by a wyvern zombie (8 damage)
             ... on level 3 of the Dungeon.
             The game lasted 00:04:23 (1628 turns).

Folque the Chiller (Demonspawn Ice Elementalist)    Turns: 1628, Time: 00:04:24

Health: 0/26       AC: 14    Str:  8    XL:     3   Next: 92%
Magic:  2/7        EV: 12    Int: 17    God:
Gold:   191        SH:  0    Dex: 13    Spells: 2/8 levels left

rFire    . . .     SeeInvis .   b - +1 short sword (protect)
rCold    . . .     Gourm    .   (no shield)
rNeg     . . .     Faith    .   a - +0 robe
rPois    .         Spirit   .   (no helmet)
rElec    .         Reflect  .   (no cloak)
rCorr    .         Harm     .   (no gloves)
MR       .....                  (no boots)
Stlth    ++........             (no amulet)
HPRegen  0.08/turn              (no ring)
MPRegen  0.10/turn              (no ring)

@: icy armour, protection aura
A: hooves 1
a: no special abilities


You were on level 3 of the Dungeon.
You were not hungry.

You visited 1 branch of the dungeon, and saw 3 of its levels.

You collected 191 gold pieces.

Inventory:

Hand Weapons
 b - a +1 short sword of protection (weapon)
Missiles
 e - 4 tomahawks (quivered)
 h - 21 sling bullets
Armour
 a - a +0 robe (worn)
Jewellery
 k - an uncursed amulet of magic regeneration {unknown}
Scrolls
 d - a scroll of teleportation {unknown}
 f - 2 scrolls of identify {unknown}
 i - a scroll of blinking {unknown}
 p - a scroll of enchant armour {unknown}
 q - a scroll of immolation {unknown}
 r - a scroll of amnesia {unknown}
Potions
 g - a potion of agility {unknown}
 j - 2 potions of magic {unknown}
 m - a potion of brilliance {unknown}
 n - a potion of degeneration {unknown}
 o - a potion of might {unknown}
Comestibles
 c - 6 rations
 l - 2 chunks of flesh


   Skills:
 + Level 1.5 Fighting
 - Level 1.7 Dodging
 - Level 1.7 Stealth
 * Level 3.1 Spellcasting
 - Level 1.0 Conjurations
 + Level 3.2 Ice Magic


You had 2 spell levels left.
You knew the following spells:

 Your Spells              Type           Power        Failure   Level  Hunger
a - Freeze                Ice            ##..         4%          1    None
b - Throw Frost           Conj/Ice       #.....       11%         2    ##.....
c - Ozocubu's Armour      Chrm/Ice       #.......     26%         3    ###....

Your spell library contained the following spells:

 Spells                   Type           Power        Failure   Level  Hunger
 Throw Icicle             Conj/Ice       #.......     58%         4    ####...
 Summon Ice Beast         Ice/Summ       #.......     65%         4    ####...


Dungeon Overview and Level Annotations

Branches:
Dungeon (3/15)

Altars:


Innate Abilities, Weirdness & Mutations

You have large cloven feet.


Message History

Confirm with . or Enter, or press ? or * to list all spells.
Aiming: Throw Frost (safe; 11% risk of failure)
Press: ? - help, Shift-Dir - straight line, f - wyvern zombie
Aim: a wyvern zombie The puff of frost hits the wyvern zombie.
The wyvern zombie completely resists.
You hit the wyvern zombie.
Your weapon exudes an aura of protection.
The wyvern zombie is lightly damaged.
The wyvern zombie completely misses you.
You hit the wyvern zombie.
The wyvern zombie is moderately damaged.
The wyvern zombie closely misses you. The wyvern zombie barely misses you.
You hit the wyvern zombie but do no damage.
The wyvern zombie is moderately damaged.
The wyvern zombie bites you!
You hit the wyvern zombie but do no damage.
The wyvern zombie is moderately damaged.
The wyvern zombie bites you. The wyvern zombie bites you!
You die...

######## #......#
#......# #......#####
#......##..##
#...........#
#######@###.######
#Z###......#######
##..#######......#.
#......##...####...
#......).........##..##
.....#........รท........
w..................#...<
...................#.<..
..................#[....


You could see a wyvern zombie.

Vanquished Creatures
  2 adders
  A worm (D:2)
  2 leopard geckos (D:2)
  5 hobgoblins
  2 jackals (D:2)
  A ball python (D:1)
  9 bats
  3 frilled lizards
  7 goblins
  4 kobolds (D:1)
  9 rats
45 creatures vanquished.

Notes
Turn   | Place    | Note
-------+----------+-------------------------------------------
     0 | D:1      | Folque the Demonspawn Ice Elementalist began the quest for
                  | the Orb.
     0 | D:1      | Reached XP level 1. HP: 13/13 MP: 3/3
   269 | D:1      | Gained mutation: You have large cloven feet. [demonic
                  | ancestry]
   269 | D:1      | Reached XP level 2. HP: 20/20 MP: 5/5
   492 | D:1      | Learned a level 2 spell: Throw Frost
   567 | D:1      | Reached skill level 1 in Fighting
  1008 | D:2      | Reached XP level 3. HP: 23/26 MP: 7/7
  1016 | D:2      | Learned a level 3 spell: Ozocubu's Armour
  1628 | D:3      | Slain by a wyvern zombie

Skill      XL: |  1  2  3 |
---------------+----------+-----
Fighting       | 1 |  1.5
Ice Magic      | 3 |  3.2
Spellcasting   | 3 |  3.1
Dodging        | |  1.7
Stealth        | |  1.7
Conjurations   | |  1.0

Action                   || total
-------------------------++-------
Melee: Short sword       ||   119
       Kick              ||    12
 Cast: Freeze            ||     9
       Throw Frost       ||     6
       Ozocubu's Armour  ||     2
 Stab: Sleeping          ||     6
  Eat: Chunk             ||     3
Armor: Robe              ||    37
Dodge: Dodged            ||    93
